%YAML 1.1
%TAG !u! tag:unity3d.com,2011:
--- !u!1 &3954224828344419832
GameObject:
  m_ObjectHideFlags: 0
  m_CorrespondingSourceObject: {fileID: 0}
  m_PrefabInstance: {fileID: 0}
  m_PrefabAsset: {fileID: 0}
  serializedVersion: 6
  m_Component:
  - component: {fileID: 5695619696935533415}
  - component: {fileID: 4362946334027489023}
  - component: {fileID: 3882184041960855625}
  - component: {fileID: 1977762716886873025}
  m_Layer: 22
  m_Name: AutoDestroying
  m_TagString: Untagged
  m_Icon: {fileID: 0}
  m_NavMeshLayer: 0
  m_StaticEditorFlags: 0
  m_IsActive: 1
--- !u!4 &5695619696935533415
Transform:
  m_ObjectHideFlags: 0
  m_CorrespondingSourceObject: {fileID: 0}
  m_PrefabInstance: {fileID: 0}
  m_PrefabAsset: {fileID: 0}
  m_GameObject: {fileID: 3954224828344419832}
  m_LocalRotation: {x: 0, y: 0, z: 0, w: 1}
  m_LocalPosition: {x: 0, y: 0, z: 0}
  m_LocalScale: {x: 1, y: 1, z: 1}
  m_ConstrainProportionsScale: 0
  m_Children: []
  m_Father: {fileID: 6573944208946180103}
  m_RootOrder: 0
  m_LocalEulerAnglesHint: {x: 0, y: 0, z: 0}
--- !u!114 &4362946334027489023
MonoBehaviour:
  m_ObjectHideFlags: 0
  m_CorrespondingSourceObject: {fileID: 0}
  m_PrefabInstance: {fileID: 0}
  m_PrefabAsset: {fileID: 0}
  m_GameObject: {fileID: 3954224828344419832}
  m_Enabled: 0
  m_EditorHideFlags: 0
  m_Script: {fileID: 11500000, guid: 61ecd32c6023467ea75e970c5887e418, type: 3}
  m_Name: 
  m_EditorClassIdentifier: 
  <Enabled>k__BackingField:
    m_PersistentCalls:
      m_Calls: []
  <Disabled>k__BackingField:
    m_PersistentCalls:
      m_Calls: []
  <TimerComponent>k__BackingField: {fileID: 3882184041960855625}
  <DestroyComponent>k__BackingField: {fileID: 1977762716886873025}
--- !u!114 &3882184041960855625
MonoBehaviour:
  m_ObjectHideFlags: 0
  m_CorrespondingSourceObject: {fileID: 0}
  m_PrefabInstance: {fileID: 0}
  m_PrefabAsset: {fileID: 0}
  m_GameObject: {fileID: 3954224828344419832}
  m_Enabled: 0
  m_EditorHideFlags: 0
  m_Script: {fileID: 11500000, guid: 151ac47dce4644ced862a6ac31315fb2, type: 3}
  m_Name: 
  m_EditorClassIdentifier: 
  <Enabled>k__BackingField:
    m_PersistentCalls:
      m_Calls: []
  <Disabled>k__BackingField:
    m_PersistentCalls:
      m_Calls: []
  Seconds: 4
  IgnoreTimeScale: 0
  <Started>k__BackingField:
    m_PersistentCalls:
      m_Calls: []
  <Paused>k__BackingField:
    m_PersistentCalls:
      m_Calls: []
  <Stopped>k__BackingField:
    m_PersistentCalls:
      m_Calls: []
  <Ticked>k__BackingField:
    m_PersistentCalls:
      m_Calls: []
  <Elapsed>k__BackingField:
    m_PersistentCalls:
      m_Calls: []
--- !u!114 &1977762716886873025
MonoBehaviour:
  m_ObjectHideFlags: 0
  m_CorrespondingSourceObject: {fileID: 0}
  m_PrefabInstance: {fileID: 0}
  m_PrefabAsset: {fileID: 0}
  m_GameObject: {fileID: 3954224828344419832}
  m_Enabled: 0
  m_EditorHideFlags: 0
  m_Script: {fileID: 11500000, guid: e937219dbb2f40e784a599b984c11aa2, type: 3}
  m_Name: 
  m_EditorClassIdentifier: 
  <Enabled>k__BackingField:
    m_PersistentCalls:
      m_Calls: []
  <Disabled>k__BackingField:
    m_PersistentCalls:
      m_Calls: []
  DestroyingObject: {fileID: 6573944208946180096}
  Policy: 2
  <Destroyed>k__BackingField:
    m_PersistentCalls:
      m_Calls: []
--- !u!1 &5033652902487190418
GameObject:
  m_ObjectHideFlags: 0
  m_CorrespondingSourceObject: {fileID: 0}
  m_PrefabInstance: {fileID: 0}
  m_PrefabAsset: {fileID: 0}
  serializedVersion: 6
  m_Component:
  - component: {fileID: 4195953501005179322}
  - component: {fileID: 213212949747952447}
  m_Layer: 22
  m_Name: Physics
  m_TagString: Untagged
  m_Icon: {fileID: 0}
  m_NavMeshLayer: 0
  m_StaticEditorFlags: 0
  m_IsActive: 1
--- !u!4 &4195953501005179322
Transform:
  m_ObjectHideFlags: 0
  m_CorrespondingSourceObject: {fileID: 0}
  m_PrefabInstance: {fileID: 0}
  m_PrefabAsset: {fileID: 0}
  m_GameObject: {fileID: 5033652902487190418}
  m_LocalRotation: {x: 0, y: 0, z: 0, w: 1}
  m_LocalPosition: {x: 0, y: 0, z: 0}
  m_LocalScale: {x: 1, y: 1, z: 1}
  m_ConstrainProportionsScale: 0
  m_Children:
  - {fileID: 4577275942784156591}
  - {fileID: 513177602330781379}
  m_Father: {fileID: 6573944208946180103}
  m_RootOrder: 2
  m_LocalEulerAnglesHint: {x: 0, y: 0, z: 0}
--- !u!114 &213212949747952447
MonoBehaviour:
  m_ObjectHideFlags: 0
  m_CorrespondingSourceObject: {fileID: 0}
  m_PrefabInstance: {fileID: 0}
  m_PrefabAsset: {fileID: 0}
  m_GameObject: {fileID: 5033652902487190418}
  m_Enabled: 1
  m_EditorHideFlags: 0
  m_Script: {fileID: 11500000, guid: cd15697b6a684bd181bf035085cf7844, type: 3}
  m_Name: 
  m_EditorClassIdentifier: 
  <Enabled>k__BackingField:
    m_PersistentCalls:
      m_Calls: []
  <Disabled>k__BackingField:
    m_PersistentCalls:
      m_Calls: []
  BodyCollider: {fileID: 6253207125436452729}
  _focusPoint: {fileID: 513177602330781379}
--- !u!1 &6132185166718546662
GameObject:
  m_ObjectHideFlags: 0
  m_CorrespondingSourceObject: {fileID: 0}
  m_PrefabInstance: {fileID: 0}
  m_PrefabAsset: {fileID: 0}
  serializedVersion: 6
  m_Component:
  - component: {fileID: 6720298444296187275}
  m_Layer: 0
  m_Name: Fx
  m_TagString: Untagged
  m_Icon: {fileID: 0}
  m_NavMeshLayer: 0
  m_StaticEditorFlags: 0
  m_IsActive: 1
--- !u!4 &6720298444296187275
Transform:
  m_ObjectHideFlags: 0
  m_CorrespondingSourceObject: {fileID: 0}
  m_PrefabInstance: {fileID: 0}
  m_PrefabAsset: {fileID: 0}
  m_GameObject: {fileID: 6132185166718546662}
  m_LocalRotation: {x: 0, y: 0, z: 0, w: 1}
  m_LocalPosition: {x: 0, y: 0, z: 0}
  m_LocalScale: {x: 1, y: 1, z: 1}
  m_ConstrainProportionsScale: 0
  m_Children: []
  m_Father: {fileID: 8894836019345984791}
  m_RootOrder: 0
  m_LocalEulerAnglesHint: {x: 0, y: 0, z: 0}
--- !u!1 &6573944208946180096
GameObject:
  m_ObjectHideFlags: 0
  m_CorrespondingSourceObject: {fileID: 0}
  m_PrefabInstance: {fileID: 0}
  m_PrefabAsset: {fileID: 0}
  serializedVersion: 6
  m_Component:
  - component: {fileID: 6573944208946180103}
  - component: {fileID: 9019985175380878552}
  - component: {fileID: 7755776610746588905}
  - component: {fileID: 7925935214933309097}
  - component: {fileID: 3460196580440723336}
  m_Layer: 22
  m_Name: Totem_Base
  m_TagString: Untagged
  m_Icon: {fileID: 0}
  m_NavMeshLayer: 0
  m_StaticEditorFlags: 0
  m_IsActive: 1
--- !u!4 &6573944208946180103
Transform:
  m_ObjectHideFlags: 0
  m_CorrespondingSourceObject: {fileID: 0}
  m_PrefabInstance: {fileID: 0}
  m_PrefabAsset: {fileID: 0}
  m_GameObject: {fileID: 6573944208946180096}
  m_LocalRotation: {x: 0, y: 0, z: 0, w: 1}
  m_LocalPosition: {x: 0, y: 0, z: 0}
  m_LocalScale: {x: 1, y: 1, z: 1}
  m_ConstrainProportionsScale: 0
  m_Children:
  - {fileID: 5695619696935533415}
  - {fileID: 8894836019345984791}
  - {fileID: 4195953501005179322}
  - {fileID: 476560262605217411}
  m_Father: {fileID: 0}
  m_RootOrder: 0
  m_LocalEulerAnglesHint: {x: 0, y: 0, z: 0}
--- !u!114 &9019985175380878552
MonoBehaviour:
  m_ObjectHideFlags: 0
  m_CorrespondingSourceObject: {fileID: 0}
  m_PrefabInstance: {fileID: 0}
  m_PrefabAsset: {fileID: 0}
  m_GameObject: {fileID: 6573944208946180096}
  m_Enabled: 1
  m_EditorHideFlags: 0
  m_Script: {fileID: 11500000, guid: 373e546265db4669b90f7fb439868528, type: 3}
  m_Name: 
  m_EditorClassIdentifier: 
  Identity: {fileID: 7755776610746588905}
  View: {fileID: 5790035695196636642}
  State: {fileID: 7925935214933309097}
  Physics: {fileID: 213212949747952447}
  AutoDestroyComponent: {fileID: 4362946334027489023}
  DamageZone:
    <Sprite>k__BackingField: {fileID: 0}
    <Color>k__BackingField: {r: 0, g: 0, b: 0, a: 0}
    <Multiplier>k__BackingField: 1
    <OffsetAngle>k__BackingField: 0
    <HalfSizeAngle>k__BackingField: 0
    <IsBack>k__BackingField: 0
  <Destroyed>k__BackingField:
    m_PersistentCalls:
      m_Calls: []
--- !u!114 &7755776610746588905
MonoBehaviour:
  m_ObjectHideFlags: 0
  m_CorrespondingSourceObject: {fileID: 0}
  m_PrefabInstance: {fileID: 0}
  m_PrefabAsset: {fileID: 0}
  m_GameObject: {fileID: 6573944208946180096}
  m_Enabled: 1
  m_EditorHideFlags: 0
  m_Script: {fileID: 11500000, guid: 9b91ecbcc199f4492b9a91e820070131, type: 3}
  m_Name: 
  m_EditorClassIdentifier: 
  sceneId: 0
  serverOnly: 0
  visible: 0
  m_AssetId: b32a9c3b1584b44d98d10d9dcd19e220
  hasSpawned: 0
--- !u!114 &7925935214933309097
MonoBehaviour:
  m_ObjectHideFlags: 0
  m_CorrespondingSourceObject: {fileID: 0}
  m_PrefabInstance: {fileID: 0}
  m_PrefabAsset: {fileID: 0}
  m_GameObject: {fileID: 6573944208946180096}
  m_Enabled: 1
  m_EditorHideFlags: 0
  m_Script: {fileID: 11500000, guid: 3c1b784e22564461a3818edf4c7a183b, type: 3}
  m_Name: 
  m_EditorClassIdentifier: 
  syncMode: 0
  syncInterval: 0.1
  <Config>k__BackingField: {fileID: 0}
  <Totem>k__BackingField: {fileID: 9019985175380878552}
  _died:
    m_PersistentCalls:
      m_Calls: []
  _revived:
    m_PersistentCalls:
      m_Calls: []
  _healthChanged:
    m_PersistentCalls:
      m_Calls: []
  _hostUnitIdChanged:
    m_PersistentCalls:
      m_Calls: []
--- !u!114 &3460196580440723336
MonoBehaviour:
  m_ObjectHideFlags: 0
  m_CorrespondingSourceObject: {fileID: 0}
  m_PrefabInstance: {fileID: 0}
  m_PrefabAsset: {fileID: 0}
  m_GameObject: {fileID: 6573944208946180096}
  m_Enabled: 1
  m_EditorHideFlags: 0
  m_Script: {fileID: 11500000, guid: 9133160b3a3ab41c69ca95ec4f5a55d4, type: 3}
  m_Name: 
  m_EditorClassIdentifier: 
  HealthBar: {fileID: 8275811654997368452}
  State: {fileID: 7925935214933309097}
--- !u!1 &6610647670113977871
GameObject:
  m_ObjectHideFlags: 0
  m_CorrespondingSourceObject: {fileID: 0}
  m_PrefabInstance: {fileID: 0}
  m_PrefabAsset: {fileID: 0}
  serializedVersion: 6
  m_Component:
  - component: {fileID: 513177602330781379}
  m_Layer: 22
  m_Name: FocusPoint
  m_TagString: Untagged
  m_Icon: {fileID: 0}
  m_NavMeshLayer: 0
  m_StaticEditorFlags: 0
  m_IsActive: 1
--- !u!4 &513177602330781379
Transform:
  m_ObjectHideFlags: 0
  m_CorrespondingSourceObject: {fileID: 0}
  m_PrefabInstance: {fileID: 0}
  m_PrefabAsset: {fileID: 0}
  m_GameObject: {fileID: 6610647670113977871}
  m_LocalRotation: {x: 0, y: 0, z: 0, w: 1}
  m_LocalPosition: {x: 0, y: 1, z: 0}
  m_LocalScale: {x: 1, y: 1, z: 1}
  m_ConstrainProportionsScale: 0
  m_Children: []
  m_Father: {fileID: 4195953501005179322}
  m_RootOrder: 1
  m_LocalEulerAnglesHint: {x: 0, y: 0, z: 0}
--- !u!1 &6837300505045687446
GameObject:
  m_ObjectHideFlags: 0
  m_CorrespondingSourceObject: {fileID: 0}
  m_PrefabInstance: {fileID: 0}
  m_PrefabAsset: {fileID: 0}
  serializedVersion: 6
  m_Component:
  - component: {fileID: 4577275942784156591}
  - component: {fileID: 6253207125436452729}
  m_Layer: 22
  m_Name: Body
  m_TagString: Untagged
  m_Icon: {fileID: 0}
  m_NavMeshLayer: 0
  m_StaticEditorFlags: 0
  m_IsActive: 1
--- !u!4 &4577275942784156591
Transform:
  m_ObjectHideFlags: 0
  m_CorrespondingSourceObject: {fileID: 0}
  m_PrefabInstance: {fileID: 0}
  m_PrefabAsset: {fileID: 0}
  m_GameObject: {fileID: 6837300505045687446}
  m_LocalRotation: {x: 0, y: 0, z: 0, w: 1}
  m_LocalPosition: {x: 0, y: 0, z: 0}
  m_LocalScale: {x: 1, y: 1, z: 1}
  m_ConstrainProportionsScale: 0
  m_Children: []
  m_Father: {fileID: 4195953501005179322}
  m_RootOrder: 0
  m_LocalEulerAnglesHint: {x: 0, y: 0, z: 0}
--- !u!136 &6253207125436452729
CapsuleCollider:
  m_ObjectHideFlags: 0
  m_CorrespondingSourceObject: {fileID: 0}
  m_PrefabInstance: {fileID: 0}
  m_PrefabAsset: {fileID: 0}
  m_GameObject: {fileID: 6837300505045687446}
  m_Material: {fileID: 0}
  m_IsTrigger: 0
  m_Enabled: 1
  m_Radius: 0.5
  m_Height: 2
  m_Direction: 1
  m_Center: {x: 0, y: 1, z: 0}
--- !u!1 &8087091190010730413
GameObject:
  m_ObjectHideFlags: 0
  m_CorrespondingSourceObject: {fileID: 0}
  m_PrefabInstance: {fileID: 0}
  m_PrefabAsset: {fileID: 0}
  serializedVersion: 6
  m_Component:
  - component: {fileID: 8894836019345984791}
  - component: {fileID: 2862115041165696734}
  - component: {fileID: 4013882400941245968}
  - component: {fileID: 4457195997719694285}
  - component: {fileID: 5790035695196636642}
  m_Layer: 0
  m_Name: View
  m_TagString: Untagged
  m_Icon: {fileID: 0}
  m_NavMeshLayer: 0
  m_StaticEditorFlags: 0
  m_IsActive: 1
--- !u!4 &8894836019345984791
Transform:
  m_ObjectHideFlags: 0
  m_CorrespondingSourceObject: {fileID: 0}
  m_PrefabInstance: {fileID: 0}
  m_PrefabAsset: {fileID: 0}
  m_GameObject: {fileID: 8087091190010730413}
  m_LocalRotation: {x: 0, y: 0, z: 0, w: 1}
  m_LocalPosition: {x: 0, y: 0, z: 0}
  m_LocalScale: {x: 1, y: 1, z: 1}
  m_ConstrainProportionsScale: 0
  m_Children:
  - {fileID: 6720298444296187275}
  m_Father: {fileID: 6573944208946180103}
  m_RootOrder: 1
  m_LocalEulerAnglesHint: {x: 0, y: 0, z: 0}
--- !u!114 &2862115041165696734
MonoBehaviour:
  m_ObjectHideFlags: 0
  m_CorrespondingSourceObject: {fileID: 0}
  m_PrefabInstance: {fileID: 0}
  m_PrefabAsset: {fileID: 0}
  m_GameObject: {fileID: 8087091190010730413}
  m_Enabled: 1
  m_EditorHideFlags: 0
  m_Script: {fileID: 11500000, guid: 1ee9ad81ab1e4bc9b1dc5456f1c97f58, type: 3}
  m_Name: 
  m_EditorClassIdentifier: 
  _effectsData: []
--- !u!95 &4013882400941245968
Animator:
  serializedVersion: 4
  m_ObjectHideFlags: 0
  m_CorrespondingSourceObject: {fileID: 0}
  m_PrefabInstance: {fileID: 0}
  m_PrefabAsset: {fileID: 0}
  m_GameObject: {fileID: 8087091190010730413}
  m_Enabled: 1
  m_Avatar: {fileID: 0}
  m_Controller: {fileID: 9100000, guid: 3cc5d3aa6db864bc9a6c8dea828db1e8, type: 2}
  m_CullingMode: 0
  m_UpdateMode: 0
  m_ApplyRootMotion: 0
  m_LinearVelocityBlending: 0
  m_StabilizeFeet: 0
  m_WarningMessage: 
  m_HasTransformHierarchy: 1
  m_AllowConstantClipSamplingOptimization: 1
  m_KeepAnimatorControllerStateOnDisable: 0
--- !u!114 &4457195997719694285
MonoBehaviour:
  m_ObjectHideFlags: 0
  m_CorrespondingSourceObject: {fileID: 0}
  m_PrefabInstance: {fileID: 0}
  m_PrefabAsset: {fileID: 0}
  m_GameObject: {fileID: 8087091190010730413}
  m_Enabled: 1
  m_EditorHideFlags: 0
  m_Script: {fileID: 11500000, guid: 903e6b22238a43fea26e0cb4d80ba3b7, type: 3}
  m_Name: 
  m_EditorClassIdentifier: 
  _animator: {fileID: 4013882400941245968}
  _updateDt: 1
  _activeParameterName: Active
--- !u!114 &5790035695196636642
MonoBehaviour:
  m_ObjectHideFlags: 0
  m_CorrespondingSourceObject: {fileID: 0}
  m_PrefabInstance: {fileID: 0}
  m_PrefabAsset: {fileID: 0}
  m_GameObject: {fileID: 8087091190010730413}
  m_Enabled: 1
  m_EditorHideFlags: 0
  m_Script: {fileID: 11500000, guid: bc892696459f49deb7b5d7107fb751de, type: 3}
  m_Name: 
  m_EditorClassIdentifier: 
  <FxContainer>k__BackingField: {fileID: 6720298444296187275}
  <DamageFxTarget>k__BackingField: {fileID: 6720298444296187275}
  <DamageReflectFxTarget>k__BackingField: {fileID: 6720298444296187275}
  <Animator>k__BackingField: {fileID: 4457195997719694285}
--- !u!1001 &847767280602497458
PrefabInstance:
  m_ObjectHideFlags: 0
  serializedVersion: 2
  m_Modification:
    m_TransformParent: {fileID: 6573944208946180103}
    m_Modifications:
    - target: {fileID: 296770051610203819, guid: 5cd5af444fe27f544a764ac18570b6f5, type: 3}
      propertyPath: m_Color.b
      value: 0.0627451
      objectReference: {fileID: 0}
    - target: {fileID: 296770051610203819, guid: 5cd5af444fe27f544a764ac18570b6f5, type: 3}
      propertyPath: m_Color.g
      value: 0.047058824
      objectReference: {fileID: 0}
    - target: {fileID: 296770051610203819, guid: 5cd5af444fe27f544a764ac18570b6f5, type: 3}
      propertyPath: m_Color.r
      value: 0.12156863
      objectReference: {fileID: 0}
    - target: {fileID: 963430370142084913, guid: 5cd5af444fe27f544a764ac18570b6f5, type: 3}
      propertyPath: m_Pivot.x
      value: 0.5
      objectReference: {fileID: 0}
    - target: {fileID: 963430370142084913, guid: 5cd5af444fe27f544a764ac18570b6f5, type: 3}
      propertyPath: m_Pivot.y
      value: 0.5
      objectReference: {fileID: 0}
    - target: {fileID: 963430370142084913, guid: 5cd5af444fe27f544a764ac18570b6f5, type: 3}
      propertyPath: m_RootOrder
      value: 3
      objectReference: {fileID: 0}
    - target: {fileID: 963430370142084913, guid: 5cd5af444fe27f544a764ac18570b6f5, type: 3}
      propertyPath: m_AnchorMax.x
      value: 0
      objectReference: {fileID: 0}
    - target: {fileID: 963430370142084913, guid: 5cd5af444fe27f544a764ac18570b6f5, type: 3}
      propertyPath: m_AnchorMax.y
      value: 0
      objectReference: {fileID: 0}
    - target: {fileID: 963430370142084913, guid: 5cd5af444fe27f544a764ac18570b6f5, type: 3}
      propertyPath: m_AnchorMin.x
      value: 0
      objectReference: {fileID: 0}
    - target: {fileID: 963430370142084913, guid: 5cd5af444fe27f544a764ac18570b6f5, type: 3}
      propertyPath: m_AnchorMin.y
      value: 0
      objectReference: {fileID: 0}
    - target: {fileID: 963430370142084913, guid: 5cd5af444fe27f544a764ac18570b6f5, type: 3}
      propertyPath: m_LocalScale.x
      value: 0.007
      objectReference: {fileID: 0}
    - target: {fileID: 963430370142084913, guid: 5cd5af444fe27f544a764ac18570b6f5, type: 3}
      propertyPath: m_LocalScale.y
      value: 0.007
      objectReference: {fileID: 0}
    - target: {fileID: 963430370142084913, guid: 5cd5af444fe27f544a764ac18570b6f5, type: 3}
      propertyPath: m_LocalScale.z
      value: 0.007
      objectReference: {fileID: 0}
    - target: {fileID: 963430370142084913, guid: 5cd5af444fe27f544a764ac18570b6f5, type: 3}
      propertyPath: m_LocalPosition.x
      value: 0
      objectReference: {fileID: 0}
    - target: {fileID: 963430370142084913, guid: 5cd5af444fe27f544a764ac18570b6f5, type: 3}
      propertyPath: m_LocalPosition.y
      value: 0
      objectReference: {fileID: 0}
    - target: {fileID: 963430370142084913, guid: 5cd5af444fe27f544a764ac18570b6f5, type: 3}
      propertyPath: m_LocalPosition.z
      value: 0
      objectReference: {fileID: 0}
    - target: {fileID: 963430370142084913, guid: 5cd5af444fe27f544a764ac18570b6f5, type: 3}
      propertyPath: m_LocalRotation.w
      value: 0.7071068
      objectReference: {fileID: 0}
    - target: {fileID: 963430370142084913, guid: 5cd5af444fe27f544a764ac18570b6f5, type: 3}
      propertyPath: m_LocalRotation.x
      value: 0.7071068
      objectReference: {fileID: 0}
    - target: {fileID: 963430370142084913, guid: 5cd5af444fe27f544a764ac18570b6f5, type: 3}
      propertyPath: m_LocalRotation.y
      value: 0
      objectReference: {fileID: 0}
    - target: {fileID: 963430370142084913, guid: 5cd5af444fe27f544a764ac18570b6f5, type: 3}
      propertyPath: m_LocalRotation.z
      value: 0
      objectReference: {fileID: 0}
    - target: {fileID: 963430370142084913, guid: 5cd5af444fe27f544a764ac18570b6f5, type: 3}
      propertyPath: m_AnchoredPosition.y
      value: 2.2
      objectReference: {fileID: 0}
    - target: {fileID: 963430370142084913, guid: 5cd5af444fe27f544a764ac18570b6f5, type: 3}
      propertyPath: m_LocalEulerAnglesHint.x
      value: 90
      objectReference: {fileID: 0}
    - target: {fileID: 963430370142084913, guid: 5cd5af444fe27f544a764ac18570b6f5, type: 3}
      propertyPath: m_LocalEulerAnglesHint.y
      value: 0
      objectReference: {fileID: 0}
    - target: {fileID: 963430370142084913, guid: 5cd5af444fe27f544a764ac18570b6f5, type: 3}
      propertyPath: m_LocalEulerAnglesHint.z
      value: 0
      objectReference: {fileID: 0}
    - target: {fileID: 4780411628257440812, guid: 5cd5af444fe27f544a764ac18570b6f5, type: 3}
      propertyPath: m_Name
      value: HealthBar
      objectReference: {fileID: 0}
    - target: {fileID: 6571209609496890110, guid: 5cd5af444fe27f544a764ac18570b6f5, type: 3}
      propertyPath: m_AnchorMax.x
      value: 0
      objectReference: {fileID: 0}
    - target: {fileID: 6571209609496890110, guid: 5cd5af444fe27f544a764ac18570b6f5, type: 3}
      propertyPath: m_AnchorMax.y
      value: 0
      objectReference: {fileID: 0}
    m_RemovedComponents: []
  m_SourcePrefab: {fileID: 100100000, guid: 5cd5af444fe27f544a764ac18570b6f5, type: 3}
--- !u!224 &476560262605217411 stripped
RectTransform:
  m_CorrespondingSourceObject: {fileID: 963430370142084913, guid: 5cd5af444fe27f544a764ac18570b6f5, type: 3}
  m_PrefabInstance: {fileID: 847767280602497458}
  m_PrefabAsset: {fileID: 0}
--- !u!114 &8275811654997368452 stripped
MonoBehaviour:
  m_CorrespondingSourceObject: {fileID: 8726367509389057846, guid: 5cd5af444fe27f544a764ac18570b6f5, type: 3}
  m_PrefabInstance: {fileID: 847767280602497458}
  m_PrefabAsset: {fileID: 0}
  m_GameObject: {fileID: 0}
  m_Enabled: 1
  m_EditorHideFlags: 0
  m_Script: {fileID: 11500000, guid: 76dfbda135f95df4da4d262dfe85a98c, type: 3}
  m_Name: 
  m_EditorClassIdentifier: 
